 Dungeon Crawl Stone Soup version 0.29.1-2-gbd0b4ee654 (webtiles) character file.

Game seed: 575231083221760145

1382 mortz the Covert (level 8, -12/45 HPs)
             Began as a Kobold Conjurer on Oct 26, 2022.
             Mangled by Prince Ribbit (18 damage)
             ... on level 5 of the Dungeon on Oct 27, 2022.
             The game lasted 00:19:22 (6479 turns).

mortz the Covert (Kobold Conjurer)                  Turns: 6479, Time: 00:19:23

Health: -12/45     AC:  3    Str:  5    XL:     8   Next: 99%
Magic:  20/23      EV: 15    Int: 21    God:
Gold:   249        SH:  0    Dex: 13    Spells: 12/15 levels left

rFire   . . .      SeeInvis .   j - +7 scimitar (vamp)
rCold   . . .      Faith    .   (no shield)
rNeg    . . .      Spirit   .   a - +0 robe
rPois   .          Reflect  .   (no helmet)
rElec   .          Harm     .   m - +0 cloak
rCorr   .          Rampage  .   (no gloves)
Will    +....                   (no boots)
Stlth   +++++.....              (no amulet)
HPRegen 0.15/turn               n - ring of willpower
MPRegen 0.18/turn               D - ring of magical power

@: lethally poisoned (-12 -> -22)
A: small, no large weapons, nightstalker 3
a: no special abilities


You were on level 5 of the Dungeon.
You visited 1 branch of the dungeon, and saw 5 of its levels.

You collected 249 gold pieces.

Inventory:

Hand Weapons
 d - a +0 mace
 f - a +0 dagger of electrocution
 h - a +0 dagger
 j - a +7 vampiric scimitar (weapon)
 o - a +0 short sword
 q - a +0 rapier
 u - a +0 hand axe
 C - a +2 mace of holy wrath
Armour
 a - a +0 robe (worn)
 g - a +0 leather armour
 m - a +0 cloak (worn)
Jewellery
 k - a +6 ring of strength
 n - a ring of willpower (left hand)
 A - a ring of positive energy
 D - a ring of magical power (right hand)
Wands
 r - a wand of polymorph (10)
 s - a wand of digging (11)
Scrolls
 i - 3 scrolls of teleportation
 p - 2 scrolls of brand weapon
 y - a scroll of amnesia
Potions
 b - a potion of magic
 c - 3 potions of mutation
 e - 2 potions of curing
 l - 5 potions of attraction
 t - a potion of might {unknown}
 v - 2 potions of resistance {unknown}
 w - a potion of ambrosia {unknown}
 x - a potion of brilliance {unknown}
 z - a potion of flight {unknown}
 B - a potion of heal wounds {unknown}


   Skills:
 + Level 2.3 Fighting
 + Level 2.8(4.0) Short Blades
 + Level 2.7(3.0) Long Blades
 + Level 0.1 Maces & Flails
 + Level 3.5 Dodging
 + Level 8.2 Stealth
 + Level 0.4 Unarmed Combat
 * Level 4.1 Spellcasting
 * Level 5.8 Conjurations
 * Level 3.6 Translocations


You had 12 spell levels left.
You knew the following spells:

 Your Spells              Type           Power      Damage    Failure   Level
a - Magic Dart            Conj           100%       1d8       1%          1
b - Searing Ray           Conj           56%        2d6       1%          2

Your spell library contained the following spells:

 Spells                   Type           Power      Damage    Failure   Level
 Apportation              Tloc           38%        N/A       2%          1
 Gell's Gravitas          Tloc           19%        N/A       8%          3
 Teleport Other           Tloc           19%        N/A       8%          3
 Dazzling Flash           Conj/Hex       32%        N/A       11%         3
 Beastly Appendage        Tmut           8%         N/A       12%         1
 Necrotise                Necr           16%        1d4       12%         1
 Summon Small Mammal      Summ           16%        N/A       12%         1
 Iskenderun's Mystic Bla  Conj/Tloc      24%        2d7       17%         4
 Wereblood                Tmut           4%         N/A       19%         2
 Spider Form              Tmut/Pois      4%         N/A       34%         3
 Fulminant Prism          Conj/Hex       8%         3d7       34%         4
 Alistair's Intoxication  Tmut/Pois      2%         N/A       97%         5
 Dispersal                Tloc           9%         N/A       99%         6


Dungeon Overview and Level Annotations

Branches:
Dungeon (5/15) Zot: 23504
 Temple: D:4-7

Altars:
Okawaru

Annotations:
D:5 Eustachio, Prince Ribbit


Innate Abilities, Weirdness & Mutations

You are small and have problems with some larger weapons.
You are completely attuned to the shadows.


Message History

You kill the gnoll!
The searing ray hits the gnoll.
The gnoll is lightly wounded.
The searing ray misses the scorpion.
The searing ray hits Prince Ribbit!
Prince Ribbit is moderately wounded.
Prince Ribbit blinks!
The searing ray misses the gnoll.
The searing ray hits the scorpion.
The scorpion is moderately wounded.
The searing ray hits the gnoll.
You kill the gnoll!
The searing ray hits the scorpion.
The scorpion is heavily wounded.
You finish channelling your searing ray.
You barely miss Prince Ribbit.
Prince Ribbit is moderately wounded.
Prince Ribbit closely misses you. The scorpion barely misses you.
Prince Ribbit hits you!
You barely miss Prince Ribbit.
Prince Ribbit is moderately wounded.
The scorpion barely misses you. Prince Ribbit misses you.
The scorpion misses you.
You miss Prince Ribbit.
Prince Ribbit is lightly wounded.
Prince Ribbit misses you. Prince Ribbit barely misses you.
The scorpion barely misses you.
You slash Prince Ribbit!
You feel better.
Prince Ribbit is heavily wounded.
Prince Ribbit hits you. The scorpion misses you.
Prince Ribbit barely misses you. The scorpion stings you.
You are poisoned.
The scorpion poisons you!
You slash Prince Ribbit!
Prince Ribbit is severely wounded.
You feel very sick. Prince Ribbit hits you.
* * * LOW HITPOINT WARNING * * *
The scorpion stings you.
* * * LOW HITPOINT WARNING * * *
Prince Ribbit hits you!!
You die...

#.# #.#.(...... #.#
#.#.######.
#.#####.#.### #.
##.##...<)...# #.
......##..).....#.#.# ##
................#.#.#
......##........#.#.#
......###F##...##.#.#
.....ggs@.........#.#
#.#.#.###....#)...#.####
#.#.###..............#
.>........#...####.##.#
..............####.##.#
##.#.####..........##.##
....# ###..########.##
... #..# #.## #..# #.##


You could see Prince Ribbit, a scorpion and 2 gnolls.

Vanquished Creatures
  Pikel (D:5)
  Sigmund (D:5)
  3 ogres
  A phantom (D:4)
  A bullfrog (D:4)
  A jelly (D:4)
  3 orc priests
  Ijyb (D:3)
  2 iguanas (D:4)
  An orc wizard (D:5)
  5 gnolls
  3 adders
  A worm (D:2)
  2 dart slugs
  13 orcs
  4 bats
  9 endoplasms
  3 giant cockroaches
  5 hobgoblins
  8 jackals
  4 kobolds
  A quokka (D:3)
  4 ball pythons
  4 frilled lizards
  8 goblins
  7 rats
96 creatures vanquished.

Notes
Turn   | Place    | Note
-------+----------+-------------------------------------------
     0 | D:1      | mortz the Kobold Conjurer began the quest for the Orb.
     0 | D:1      | Reached XP level 1. HP: 10/10 MP: 3/3
   217 | D:1      | Reached XP level 2. HP: 15/15 MP: 1/5
   221 | D:1      | Learned a level 2 spell: Searing Ray
   276 | D:1      | Reached skill level 3 in Stealth
   744 | D:1      | Reached XP level 3. HP: 19/19 MP: 6/6
  1698 | D:2      | Found a faded altar of an unknown god.
  2096 | D:3      | Reached skill level 4 in Stealth
  2096 | D:3      | Reached XP level 4. HP: 24/24 MP: 7/7
  2188 | D:3      | Reached skill level 1 in Short Blades
  2438 | D:3      | Reached skill level 5 in Stealth
  2438 | D:3      | Reached XP level 5. HP: 28/28 MP: 2/8
  2610 | D:3      | Noticed Ijyb
  2619 | D:3      | Killed Ijyb
  3135 | D:3      | Identified a scroll of acquirement
  3135 | D:3      | Acquired a +6 vampiric scimitar
  3797 | D:4      | Reached skill level 1 in Translocations
  3801 | D:4      | Reached XP level 6. HP: 25/32 MP: 3/9
  4177 | D:4      | Reached skill level 6 in Stealth
  4762 | D:4      | Reached XP level 7. HP: 31/37 MP: 5/11
  4848 | D:4      | Reached skill level 5 in Conjurations
  4959 | D:4      | Reached skill level 1 in Fighting
  4959 | D:4      | Reached skill level 1 in Long Blades
  4959 | D:4      | Reached skill level 7 in Stealth
  5659 | D:5      | Entered Level 5 of the Dungeon
  5717 | D:5      | Noticed Eustachio
  5819 | D:5      | Noticed Sigmund
  5826 | D:5      | Noticed Pikel
  5830 | D:5      | Killed Sigmund
  5831 | D:5      | Reached XP level 8. HP: 41/43 MP: 8/13
  5838 | D:5      | Killed Pikel
  5839 | D:5      | Reached skill level 8 in Stealth
  6209 | D:5      | Found an iron altar of Okawaru.
  6466 | D:5      | Noticed Prince Ribbit
  6479 | D:5      | Mangled by Prince Ribbit

Illustrated notes

Levels and vault maps discovered:
D:1:      dpeg_arrival_houses_and_road, layout_loops_ring,
          wad_floor_pattern_untrapped
D:2:      layout_basic, basic_ecumenical_altar
D:3:      layout_basic, kennysheep_generic_room_6, uniq_ijyb
D:4:      layout_cave_pools, serial_co_window_serial, co_window_paths_a,
          co_window_paths_b, co_window_corner_a, co_window_corner_a,
          co_window_corner_a, co_window_of_opportunity_a, co_window_paths_a,
          co_window_unsneaky_path_d, co_window_paths_c, co_window_paths_c,
          co_window_2corner, co_window_corner_ca, glass_columns_a,
          hangedman_decor_diamond_cutter
D:5:      layout_loops_ring, nicolae_elyvilon_temple_path, lemuel_tele_altar,
          grunt_temple_overflow_diamond, uniq_prince_ribbit1, uniq_pikel,
          uniq_sigmund, uniq_eustachio

Skill      XL: |  1  2  3  4  5  6  7  8 |
---------------+-------------------------+-----
Stealth        | 3 4 5 6 7 8 |  8.2
Short Blades   | 1 2 |  2.8
Translocations | 1 2 3 |  3.6
Dodging        | 3 |  3.5
Spellcasting   | 3 4 |  4.1
Conjurations   | 5 |  5.8
Fighting       | 1 2 |  2.3
Long Blades    | 1 2 |  2.7
Maces & Flails | |  0.1
Unarmed Combat | |  0.4

Action                   |  1- 3 |  4- 6 |  7- 9 || total
-------------------------+-------+-------+-------++-------
Melee: Dagger            |    18 |     7 |       ||    25
       Mace              |     1 |       |       ||     1
       Scimitar          |       |    10 |    32 ||    42
       Punch             |       |       |     1 ||     1
       Unarmed           |       |       |     6 ||     6
 Cast: Magic Dart        |    29 |    11 |     4 ||    44
       Searing Ray       |     3 |    23 |     8 ||    34
  Use: Scroll            |     8 |     2 |     4 ||    14
 Stab: Sleeping          |    17 |     9 |     7 ||    33
Armor: Robe              |     2 |       |     2 ||     4
       Skin              |       |       |     1 ||     1
Dodge: Dodged            |     9 |    27 |    31 ||    67
